 Dungeon Crawl Stone Soup version 0.23-a0-712-g3a644c0 (console) character file.

225 Duffy the Chopper (level 6, -2/56 HPs)
             Began as a Naga Fighter on Jan 15, 2019.
             Slain by a human zombie (6 damage)
             ... on level 5 of the Dungeon.
             The game lasted 00:02:59 (1364 turns).

Duffy the Chopper (Naga Fighter)                    Turns: 1364, Time: 00:03:00

Health: -2/56      AC:  5    Str: 20    XL:     6   Next: 1%
Magic:  5/7        EV:  5    Int:  8    God:
Gold:   52         SH:  9    Dex: 11    Spells: 5/5 levels left

rFire    . . .     SeeInvis +   a - +0 war axe
rCold    . . .     Gourm    .   c - +0 shield
rNeg     . . .     Faith    .   b - +0 scale mail
rPois    +         Spirit   .   (no helmet)
rElec    .         Reflect  .   (no cloak)
rCorr    .         Harm     .   (no gloves)
MR       .....                  (no barding)
Stlth    ..........             m - amulet of rage
HPRegen  0.18/turn              (no ring)
MPRegen  0.10/turn              (no ring)

@: very slow
A: large, see invisible, deformed body, poison resistance, slowness 2, slow
metabolism 1, spit poison 1, AC +2
a: Spit Poison, Evoke Berserk Rage


You were on level 5 of the Dungeon.
You were not hungry.

You visited 1 branch of the dungeon, and saw 6 of its levels.

You collected 52 gold pieces.

Inventory:

Hand Weapons
 a - a +0 war axe (weapon)
Armour
 b - a +0 scale mail (worn)
 c - a +0 shield (worn)
Jewellery
 m - an amulet of rage (around neck)
Scrolls
 e - a scroll of magic mapping {unknown}
 h - a scroll of random uselessness {unknown}
 k - a scroll of identify {unknown}
 n - a scroll of blinking {unknown}
 o - 2 scrolls of remove curse {unknown}
Potions
 d - a potion of might
 g - a potion of lignification {unknown}
 i - a potion of agility {unknown}
 j - a potion of resistance {unknown}
 l - a potion of heal wounds {unknown}
Comestibles
 f - 2 rations


   Skills:
 - Level 3.0 Fighting
 + Level 4.3 Axes
 - Level 2.4 Armour
 + Level 4.0 Shields
 + Level 1.3 Evocations


You had 5 spell levels left.
You didn't know any spells.
Your spell library was empty.

Dungeon Overview and Level Annotations

Branches:
Dungeon (6/15)
 Temple: D:4-7

Altars:
Fedhas


Innate Abilities, Weirdness & Mutations

You cannot wear boots.
Your serpentine skin is tough. (AC +2)
You have supernaturally acute eyesight. (SInv)
Armour fits poorly on your strangely shaped body.
Your system is resistant to poisons. (rPois)
You cover ground very slowly.
You have a slow metabolism.
You can spit poison.


Message History

You completely miss the human zombie.
The human zombie is almost destroyed.
The human zombie hits you.
The crimson imp blinks!
You closely miss the human zombie.
The human zombie is almost destroyed.
The human zombie hits you.
You slash the human zombie!
You destroy the human zombie!
Your Shields skill increases to level 4!
You have reached level 6!
Your experience leads to an increase in your attributes!
Increase (S)trength, (I)ntelligence, or (D)exterity?
You feel stronger.
Your skin feels tougher.
You slash the human zombie!
The human zombie is severely damaged.
The human zombie barely misses you.
Your shield and scale mail prevent you from hitting the human zombie.
The human zombie is severely damaged.
The human zombie hits you.
You die...

.......# #....#.# #.#
.......#
#...#######'#
.......#
#####.'.#.#.#
.......#
#######'#'#.#
....#.##
#...#.'...'.# ###.#.#
#...###...### ..#.#.#
#...#.'5..+
..#.#.#####...#+#Z#'#
##........#...# #@#.#
..........#...#######
##...............#
#........#...####
#........#...#
#........#...#
#........#...#
#........#...#
#........#...#


You could see a crimson imp and a human zombie.

Vanquished Creatures
  A howler monkey (D:4)
  A crimson imp (D:5)
  A human zombie (D:5)
  An iguana (D:4)
  An orc wizard (D:4)
  A centaur skeleton (D:4)
  A worker ant zombie (D:5)
  A worm (D:5)
  3 orcs (D:3)
  2 giant cockroaches (D:5)
  A goblin (D:2)
  3 jackals (D:5)
  A kobold (D:2)
  2 quokkas
  2 bats
  2 orc skeletons (D:5)
  An orc zombie (D:5)
  A quokka zombie (D:4)
  2 rats (D:2)
28 creatures vanquished.

Notes
Turn   | Place    | Note
-------+----------+-------------------------------------------
     0 | D:1      | Duffy the Naga Fighter began the quest for the Orb.
     0 | D:1      | Reached XP level 1. HP: 21/21 MP: 1/1
   448 | D:3      | Reached XP level 2. HP: 28/28 MP: 2/2
   542 | D:4      | Reached XP level 3. HP: 16/34 MP: 3/3
   717 | D:4      | Reached XP level 4. HP: 40/42 MP: 4/4
   724 | D:4      | Found a blossoming altar of Fedhas.
   835 | D:4      | Reached XP level 5. HP: 34/49 MP: 5/5
   930 | D:5      | Entered Level 5 of the Dungeon
   960 | D:6      | Noticed a black bear
  1154 | D:5      | Reached skill level 1 in Evocations
  1362 | D:5      | Reached XP level 6. HP: 3/56 MP: 5/7
  1364 | D:5      | Slain by a human zombie

Vault maps used:
D:1:      shiori_arrival_oz
D:2:      serial_co_window_serial, co_window_corner_a,
          co_window_of_opportunity_a, co_window_paths_a, co_window_paths_a,
          co_window_corner_a, co_window_corner_a, co_window_2corner,
          co_window_of_opportunity_b, co_window_cross_4, co_window_4corner_a,
          glass_columns_c, glass_columns_c, glass_columns_a, kennysheep_nub,
          hangedman_decor_push, cheibrodos_gnoll_hut
D:4:      fedhas_ov_isle_minmay, first_ration
D:5:      nicolae_ossuary_entry_catacombs
D:6:      minmay_temple_entry_arrows, uniq_prince_ribbit1

Skill      XL: |  1  2  3  4  5 |
---------------+----------------+-----
Axes           | 3 4 |  4.3
Shields        | 3 4 |  4.0
Evocations     | 1 |  1.3
Fighting       | |  3.0
Armour         | |  2.4

Action                   |  1- 3 |  4- 6 || total
-------------------------+-------+-------++-------
Melee: War axe           |    45 |    90 ||   135
 Abil: Spit Poison       |     6 |     2 ||     8
  Eat: Chunk             |       |     1 ||     1
Armor: Scale mail        |    23 |    38 ||    61
Dodge: Dodged            |    17 |    27 ||    44
Block: Shield            |    23 |    70 ||    93

Table legend:
 A = Non-vault XP
 B = Vault XP
 C = Vault XP percentage of total XP
 D = Non-vault monster count
 E = Vault monster count
 F = Vault count percentage of total count
                 A         B        C        D         E       F
            +---------+---------+-------+---------+---------+-------
      Total |     274 |      48 |  14.9 |      24 |       4 |  14.3
            +---------+---------+-------+---------+---------+-------
        D:1 |       1 |       0 |   0.0 |       1 |       0 |   0.0
        D:2 |       8 |       0 |   0.0 |       5 |       0 |   0.0
        D:3 |      13 |       0 |   0.0 |       5 |       0 |   0.0
        D:4 |     171 |       0 |   0.0 |       5 |       0 |   0.0
        D:5 |      81 |      48 |  37.2 |       8 |       4 |  33.3
            +---------+---------+-------+---------+---------+-------
